 Dungeon Crawl Stone Soup version 0.21.1-1-g345015fe64 (webtiles) character file.

457 Kohma the Sneak (level 6, -2/28 HPs)
             Began as a Spriggan Venom Mage on June 21, 2018.
             Was an Initiate of Sif Muna.
             Killed from afar by an orc wizard (5 damage)
             ... with a magic dart
             ... on level 4 of the Dungeon.
             The game lasted 00:14:46 (4780 turns).

Kohma the Sneak (Spriggan Venom Mage)               Turns: 4780, Time: 00:14:46

Health: -2/28      AC:  2    Str:  6    XL:     6   Next: 77%
Magic:  5/13       EV: 20    Int: 16    God:    Sif Muna [......]
Gold:   210        SH:  0    Dex: 17    Spells: 3/13 levels left

rFire    . . .     SeeInvis +   a - +3 short sword
rCold    . . .     Gourm    .   (shield restricted)
rNeg     . . .     Faith    .   g - +0 robe
rPois    .         Spirit   .   (helmet restricted)
rElec    .         Reflect  .   (no cloak)
rCorr    .         Harm     .   (gloves unavailable)
MR       +....                  (boots unavailable)
Stlth    +++.......             (no amulet)
HPRegen  0.09/turn              (no ring)
MPRegen  0.13/turn              (no ring)

@: very slightly contaminated, very quick
A: very small, unfitting armour, see invisible, herbivore, speed 3, slow
metabolism 2
a: Renounce Religion


You were on level 4 of the Dungeon.
You worshipped Sif Muna.
Sif Muna was noncommittal.
You were not hungry.

You visited 2 branches of the dungeon, and saw 6 of its levels.

You collected 210 gold pieces.

Inventory:

Hand Weapons
 a - a +3 short sword (weapon)
 b - a +0 hunting sling
 i - a +0 dagger
 r - a +1 vampiric hand axe
Missiles
 e - 65 sling bullets
Armour
 g - a +0 robe (worn)
Jewellery
 d - an uncursed amulet of guardian spirit
Wands
 s - a wand of random effects (16)
Scrolls
 k - 2 scrolls of remove curse
 n - a scroll of immolation
 o - 2 scrolls of teleportation
Potions
 f - 2 potions of agility
 h - a potion of heal wounds {unknown}
 j - a potion of lignification {unknown}
 l - a potion of flight {unknown}
 m - a potion of mutation {unknown}
 p - 3 potions of curing {unknown}
 t - a potion of brilliance {unknown}
Books
 q - a Young Poisoner's Handbook

   Spells                             Type                      Level
   a - Sting                          Conjuration/Poison           1
   b - Poisonous Vapours              Poison/Air                   2
   c - Mephitic Cloud                 Conjuration/Poison/Air       3
   d - Olgreb's Toxic Radiance        Poison                       4
   e - Venom Bolt                     Conjuration/Poison           5
Comestibles
 c - 12 rations


   Skills:
 + Level 5.0 Dodging
 + Level 5.4 Stealth
 + Level 4.2 Spellcasting
 + Level 2.0 Conjurations
 * Level 0.5 Air Magic
 * Level 5.1 Poison Magic


You had 3 spell levels left.
You knew the following spells:

 Your Spells              Type           Power        Failure   Level  Hunger
a - Sting                 Conj/Pois      ##..         3%          1    None
b - Poisonous Vapours     Pois/Air       ##....       8%          2    ##.....
c - Mephitic Cloud        Conj/Pois/Air  ##......     17%         3    ###....
d - Olgreb's Toxic Radia  Pois           ###.....     21%         4    ####...


Dungeon Overview and Level Annotations

Branches:
Dungeon (5/15)             Temple (1/1) D:4

Altars:
Ashenzari
Cheibriados
Dithmenos
Elyvilon
Fedhas
Gozag
Hepliaklqana
Kikubaaqudgha
Makhleb
Nemelex Xobeh
Okawaru
Qazlal
Ru
Sif Muna
Trog
Uskayaw
Vehumet
Wu Jian
Xom
Yredelemnul
Zin
The Shining One

Shops:
D:4 (

Annotations:
D:4 exclusion: downstairs


Innate Abilities, Weirdness & Mutations

You are very small and have problems with some larger weapons.
You are too small for most types of armour.
You have supernaturally acute eyesight. (SInv)
You are a herbivore.
You cover ground extremely quickly.
You need consume almost no food.


Message History

You miscast Poisonous Vapours.
You are very lightly contaminated with residual magic.
You feel sick.
Casting: Poisonous Vapours
Confirm with . or Enter, or press ? or * to list all spells.
Aiming: Poisonous Vapours
Press: ? - help, Dir - move target cursor, f/p - orc wizard
Aim: an orc wizard, wielding a dagger and wearing a robe (heavily wounded, poisoned, slightly transparent) Poisonous vapours surround the orc wizard!
The orc wizard looks more healthy.
The orc wizard is engulfed in poison gas.
The orc wizard is poisoned.
The orc wizard points at you and mumbles some strange words.
The puff of flame hits you!
The orc wizard points at you and mumbles some strange words.
The puff of flame hits you!
* * * LOW HITPOINT WARNING * * *
The orc wizard gestures at you while chanting.
The magic dart hits you!
You die...

#.##.#...#.#### ##.###..##
#.##.#...#.# ##.#.###
#..........#########.##
#######..##..........#######
#........#>####......#
####.....#.# #.####.# ########
##.#.##o# #.####.## †......#
#.#.##o# #.#...... ######.#
#.@....# ##.#.##.## ####.###
##...### #.......# #......#
######### #.##.##.# #.##.#.#
##..###..## #.##.##.##
#.##.#.###.#..#..#.###.##...... #
#<##.#.#..#..#..#.._##.#####.#. #
#........#..#..#..###..........
###..###...##...#...##.........#.
.....# #....#########.....##.#...


You could see an orc wizard (invisible).

Vanquished Creatures
  2 ogres (D:4)
  An iguana (D:4)
  3 worker ants
  Robin (D:2)
  10 adders
  2 gnolls (D:4)
  An ooze (D:2)
  2 worms
  3 orcs
  4 giant cockroaches
  10 goblins
  13 hobgoblins
  4 jackals
  3 kobolds
  9 bats
  5 frilled lizards
  6 rats
79 creatures vanquished.

Vanquished Creatures (collateral kills)
  An orc (D:5)
1 creature vanquished.

Grand Total: 80 creatures vanquished

Notes
Turn   | Place    | Note
-------+----------+-------------------------------------------
     0 | D:1      | Kohma the Spriggan Venom Mage began the quest for the Orb.
     0 | D:1      | Reached XP level 1. HP: 9/9 MP: 5/5
   375 | D:1      | Reached XP level 2. HP: 13/13 MP: 6/6
   379 | D:1      | Learned a level 2 spell: Poisonous Vapours
   790 | D:1      | Reached skill level 1 in Conjurations
  1186 | D:2      | Reached XP level 3. HP: 16/16 MP: 1/8
  1663 | D:2      | Noticed Robin
  1676 | D:2      | Killed Robin
  1676 | D:2      | Reached XP level 4. HP: 21/21 MP: 3/9
  1681 | D:2      | Learned a level 3 spell: Mephitic Cloud
  2798 | D:3      | Reached XP level 5. HP: 24/24 MP: 4/11
  3426 | D:4      | Found Vyirysa's Antique Weapon Emporium.
  3657 | D:4      | Found an iron altar of Okawaru.
  3719 | D:4      | Learned a level 4 spell: Olgreb's Toxic Radiance
  3873 | D:4      | Noticed an ogre
  3878 | D:4      | Killed an ogre
  3878 | D:4      | Reached skill level 5 in Stealth
  3878 | D:4      | Reached XP level 6. HP: 28/28 MP: 1/13
  4266 | D:4      | Found a staircase to the Ecumenical Temple.
  4275 | Temple   | Entered the Ecumenical Temple
  4323 | Temple   | Became a worshipper of Sif Muna the Loreminder
  4417 | D:4      | Found an ornate altar of the Wu Jian Council.
  4419 | D:4      | Found a deep blue altar of Sif Muna.
  4419 | D:4      | Found a glowing golden altar of the Shining One.
  4425 | D:4      | Reached skill level 5 in Poison Magic
  4429 | D:4      | Found a glowing silver altar of Zin.
  4429 | D:4      | Found a shimmering altar of Xom.
  4429 | D:4      | Found an opulent altar of Gozag.
  4591 | D:5      | Entered Level 5 of the Dungeon
  4764 | D:5      | Reached skill level 5 in Dodging
  4780 | D:4      | Killed from afar by an orc wizard

Skill      XL: |  1  2  3  4  5  6 |
---------------+-------------------+-----
Conjurations   | 1 2 |  2.0
Spellcasting   | 3 4 |  4.2
Stealth        | 4 5 |  5.4
Poison Magic   | 4 5 |  5.1
Dodging        | 4 5 |  5.0
Air Magic      | |  0.5

Action                   |  1- 3 |  4- 6 || total
-------------------------+-------+-------++-------
Melee: Dagger            |     3 |    12 ||    15
       Short sword       |    27 |    17 ||    44
 Cast: Sting             |    21 |    10 ||    31
       Poisonous Vapours |    21 |    48 ||    69
       Mephitic Cloud    |       |     2 ||     2
       Olgreb's Toxic Ra |       |     1 ||     1
  Use: Scroll            |       |     8 ||     8
 Stab: Sleeping          |     7 |     3 ||    10
  Eat: Ration            |       |     3 ||     3
Armor: Robe              |     1 |     2 ||     3
Dodge: Dodged            |    26 |    38 ||    64
